Map: [ESL] Ancient Cistern

Players

Astrea

  • Race: Protoss Protoss
  • Spawn Location: 7:00

Classic - Winner!

  • Race: Protoss Protoss
  • Spawn Location: 1:00

Event: ESL SC2 Masters 2023 Summer (Finals)

VOD

Have the link to the VOD?

Description

Time

  • Played on: June 17, 2023, 1:43 p.m.
  • Length: 12:23

All games in this series

Show
View Real Time Build Order
Export as new Build Order

Astrea Protoss 

Build Orders: Phoenix Opening 

Get SALT Encoding   

  12  0:00  Probe  
  13  0:12  Probe  
  14  0:17  Pylon  
  14  0:24  Probe (Chrono Boost)  
  15  0:36  Probe (Chrono Boost), Gateway  
  16  0:44  Probe (Chrono Boost)  
  16  0:45  Assimilator  
  17  0:51  Probe  
  17  0:53  Assimilator  
  18  1:03  Probe (Chrono Boost)  
  19  1:06  Gateway  
  20  1:12  Probe (Chrono Boost)  
  20  1:17  Probe (Chrono Boost)  
  20  1:23  Cybernetics Core  
  21  1:29  Probe  
  22  1:35  Pylon  
  22  1:41  Probe  
  23  1:53  Probe  
  24  2:00  Stalker, Warp Gate  
  26  2:03  Sentry  
  26  2:05  Probe  
  26  2:07  Pylon  
  29  2:33  Nexus  
  29  2:35  Sentry  
  31  2:37  Phoenix  
  31  2:40  Probe  
  32  2:51  Stalker  
  32  2:52  Probe  
  35  3:00  Stalker  
  35  3:04  Probe  
  38  3:07  Pylon  
  38  3:16  Probe  
  38  3:19  Twilight Council  
  39  3:26  Pylon  
  39  3:28  Probe  
  40  3:44  Probe (Chrono Boost)  
  40  3:46  Probe (Chrono Boost)  
  40  3:47  Stalker x2  
  46  3:59  Probe (Chrono Boost)  
  46  4:01  Probe (Chrono Boost)  
  42  4:04  Probe (Chrono Boost)  
  42  4:08  Probe  
  39  4:10  Blink (Chrono Boost)  
  39  4:13  Probe  
  39  4:20  Probe  
  40  4:25  Probe  
  40  4:29  Stalker  
  43  4:33  Probe  
  43  4:38  Probe, Stalker  
  47  4:45  Probe, Pylon  
  48  4:50  Probe  
  47  4:57  Probe, Stalker  
  50  5:02  Probe  
  50  5:06  Dark Shrine  
  51  5:08  Gateway  
  51  5:09  Probe  
  52  5:14  Probe  
  52  5:15  Assimilator  
  54  5:21  Probe  
  54  5:26  Probe  
  55  5:30  Pylon, Stalker x2  
  59  5:42  Nexus  
  59  5:49  Shield Battery  
  59  5:50  Probe x2  
  59  5:56  Stalker x2  
  65  6:02  Probe x2  
  66  6:14  Probe  
  66  6:15  Probe  
  68  6:20  Dark Templar x2  
  68  6:22  Stalker  
  68  6:24  Pylon  
  74  6:26  Probe  
  74  6:27  Probe  
  76  6:37  Pylon  
  76  6:39  Probe x2  
  72  6:51  Probe x2  
  72  6:52  Stalker  
  69  6:54  Pylon  
  69  6:57  Probe  
  68  7:03  Probe x2  
  68  7:09  Probe  
  68  7:15  Probe x2, Dark Templar  
  71  7:16  Stalker  
  71  7:21  Probe  
  74  7:25  Stalker  
  74  7:27  Probe x2, Robotics Facility  
  76  7:33  Probe  
  77  7:39  Probe x2  
  77  7:41  Pylon, Charge (Chrono Boost)  
  79  7:46  Gateway x2  
  79  7:58  Gateway  
  79  7:59  Gateway  
  79  8:00  Gateway  
  79  8:04  Stalker x3  
  83  8:08  Pylon  
  83  8:09  Pylon  
  83  8:15  Observer (Chrono Boost)  
  83  8:17  Observer  
  84  8:24  Pylon  
  78  8:29  Stalker x2  
  78  8:31  Shield Battery  
  78  8:34  Pylon x2  
  82  8:41  Stalker x2  
  85  8:45  Shield Battery  
  85  8:47  Assimilator  
  85  8:52  Stalker x2  
  85  8:53  Warp Prism  
  85  8:54  Zealot x2  
  95  8:57  Zealot  
  97  9:05  Zealot x2  
  97  9:08  Nexus  
  100  9:19  Stalker  
  100  9:20  Stalker x4  
  110  9:26  Zealot x2  
  94  9:43  Zealot x5  
  84  9:48  Zealot x2  
  61  10:00  Probe x3  
  61  10:02  Zealot x2  
  61  10:05  Zealot x2  
  62  10:07  Zealot  
  62  10:12  Probe x2  
  54  10:21  Stalker x2  
  54  10:22  Probe  
  54  10:24  Probe  
  58  10:29  Probe  
  58  10:35  Stalker x2  
  61  10:37  Zealot  
  61  10:42  Stalker  
  65  10:46  Stalker  
  65  10:51  Stalker  
  65  10:53  Stalker  
  65  10:56  Probe x2  
  65  10:57  Probe  
  72  11:04  Observer  
  73  11:06  Stalker  
  73  11:07  Stalker  
  73  11:08  Probe  
  72  11:28  Stalker x3  
  72  11:29  Stalker x2  
  79  11:36  Stalker x2  
  73  11:52  Stalker x4  
Show
View Real Time Build Order
Export as new Build Order

Classic Protoss - Winner!

Build Orders: Oracle Opening 

Get SALT Encoding   

  12  0:00  Probe  
  13  0:12  Probe  
  14  0:18  Pylon  
  14  0:24  Probe (Chrono Boost)  
  15  0:36  Probe (Chrono Boost)  
  15  0:38  Gateway  
  16  0:45  Probe (Chrono Boost)  
  16  0:46  Assimilator  
  17  0:51  Probe  
  17  0:56  Assimilator  
  18  1:03  Probe (Chrono Boost)  
  19  1:08  Gateway  
  19  1:12  Probe (Chrono Boost)  
  19  1:17  Probe (Chrono Boost)  
  21  1:25  Cybernetics Core  
  21  1:29  Probe  
  22  1:38  Pylon  
  22  1:41  Probe  
  23  1:56  Probe  
  24  2:02  Stargate  
  24  2:03  Stalker  
  26  2:11  Stalker  
  28  2:19  Pylon  
  28  2:23  Warp Gate  
  28  2:44  Oracle (Chrono Boost)  
  31  2:57  Nexus  
  31  3:05  Shield Battery  
  31  3:12  Oracle (Chrono Boost)  
  31  3:17  Probe  
  35  3:26  Pylon  
  35  3:29  Probe  
  36  3:34  Twilight Council  
  36  3:41  Probe  
  37  3:53  Probe  
  38  4:02  Pylon  
  36  4:06  Probe  
  37  4:15  Stalker x2  
  37  4:16  Probe (Chrono Boost)  
  39  4:17  Blink (Chrono Boost)  
  39  4:18  Probe (Chrono Boost)  
  40  4:26  Probe (Chrono Boost)  
  40  4:27  Probe (Chrono Boost)  
  42  4:31  Probe (Chrono Boost)  
  42  4:32  Probe (Chrono Boost), Shield Battery  
  44  4:38  Gateway  
  44  4:42  Probe  
  44  4:44  Probe  
  46  4:47  Stalker  
  48  4:56  Stalker  
  48  4:58  Probe  
  48  4:59  Probe, Assimilator  
  52  5:08  Shield Battery  
  52  5:10  Probe  
  52  5:11  Probe  
  52  5:12  Stalker  
  56  5:19  Stalker  
  58  5:24  Nexus  
  58  5:27  Pylon  
  58  5:39  Stalker x2  
  58  5:42  Stalker  
  64  5:43  Probe x2  
  66  5:51  Robotics Facility  
  66  5:52  Pylon  
  66  5:56  Probe  
  66  5:57  Probe  
  68  6:09  Stalker  
  70  6:12  Stalker x2  
  70  6:15  Probe x2 (Chrono Boost)  
  70  6:16  Charge  
  70  6:18  Pylon  
  76  6:27  Probe x2 (Chrono Boost)  
  78  6:34  Probe x2 (Chrono Boost)  
  78  6:39  Stalker x3  
  86  6:40  Observer (Chrono Boost)  
  72  7:04  Observer (Chrono Boost)  
  73  7:11  Zealot x2  
  73  7:12  Zealot  
  76  7:17  Probe x3  
  78  7:30  Gateway  
  78  7:31  Probe  
  78  7:32  Probe x2  
  78  7:33  Gateway  
  78  7:35  Gateway  
  79  7:42  Stalker  
  79  7:43  Zealot x2  
  79  7:44  Probe x2 (Chrono Boost)  
  88  7:49  Probe (Chrono Boost)  
  87  7:54  Probe x2 (Chrono Boost)  
  87  7:57  Probe (Chrono Boost)  
  89  8:04  Zealot, Stalker  
  93  8:07  Stalker  
  93  8:11  Pylon  
  93  8:12  Probe x3  
  98  8:14  Warp Prism (Chrono Boost)  
  99  8:27  Probe x2  
  99  8:31  Zealot x4  
  99  8:33  Pylon  
  105  8:38  Zealot, Observer  
  105  8:39  Zealot  
  109  8:46  Pylon  
  109  8:47  Pylon  
  109  8:50  Pylon  
  109  8:51  Pylon  
  109  9:01  Probe x3  
  112  9:07  Stalker x4  
  112  9:08  Stalker  
  122  9:11  Stalker  
  124  9:18  Probe  
  124  9:19  Forge  
  119  9:31  Zealot x2  
  119  9:32  Zealot x3  
  119  9:35  Zealot  
  101  9:55  Zealot x5  
  91  10:01  Zealot x6  
  91  10:05  Gateway  
  91  10:06  Gateway  
  93  10:08  Gateway  
  93  10:13  Probe x3  
  84  10:23  Stalker x6  
  92  10:28  Warp Prism  
  92  10:37  Assimilator  
  92  10:48  Zealot x3  
  92  10:49  Zealot x3  
  104  10:52  Templar Archives  
  104  10:55  Nexus  
  104  10:57  Pylon  
  104  11:08  Zealot x3  
  104  11:09  Zealot x2  
  113  11:23  Zealot x3  
  119  11:35  Immortal (Chrono Boost), Stalker x3  
  126  11:56  Pylon x2  
  126  11:57  Pylon  
  126  12:00  Pylon  
  122  12:05  Zealot x2  
Tags
 
Add a new tag
Caveats
  • Supply blocks, unpowered buildings, or Contaminate may cause inaccurate times.
  • Supply counts are checked every 10 seconds.